 Dungeon Crawl Stone Soup version 0.31-a0-1227-g0136665373 (webtiles) character file.

Game seed: 10769963409634653142

169 avis the Ruffian (level 5, -1/48 HPs)
             Began as a Hill Orc Monk on Dec 14, 2023.
             Slain by a gnoll
             ... wielding a +0 spear
              (4 damage)
             ... on level 3 of the Dungeon.
             The game lasted 00:08:01 (2418 turns).

avis the Ruffian (Hill Orc Monk)                    Turns: 2418, Time: 00:08:02

Health: -1/48      AC:  6    Str: 16    XL:     5   Next: 50%
Magic:  5/5        EV: 11    Int: 10    God:
Gold:   165        SH:  0    Dex: 13    Spells: 4/4 levels left

rFire   . .          .
                       - Unarmed
rCold   . . .        c - orb {light}
rNeg    . . .        f - +0 ring mail
rPois   .            (no helmet)
rElec   .            (no cloak)
rCorr   .            t - +0 pair of gloves
SInv    .            (no boots)
Will    .....        (no amulet)
Stlth   +            d - ring of wizardry
HPRegen 0.28/turn    (no ring)
MPRegen 0.09/turn

%: wizardry (x1)
@: glowing
A: no striking features
a: no special abilities


You were on level 3 of the Dungeon.
You visited 1 branch of the dungeon, and saw 3 of its levels.

You collected 165 gold pieces.

Inventory:

Hand Weapons
 b - a +0 sling
 h - a +0 spear
 l - a +2 short sword of venom
 q - a +0 dagger of distortion
 v - a +0 spear
 w - a +0 spear
Missiles
 n - 6 boomerangs
Armour
 a - a +0 robe
 c - an orb of light (worn)
 f - a +0 ring mail (worn)
 t - a +0 pair of gloves (worn)
Jewellery
 d - a ring of wizardry (left hand)
Scrolls
 e - 3 scrolls of identify {unknown}
 o - a scroll of torment {unknown}
 p - a scroll of teleportation {unknown}
Potions
 g - a potion of curing {unknown}
 i - a potion of degeneration {unknown}
 j - a potion of ambrosia
 k - 2 potions of brilliance {unknown}
 m - a potion of mutation {unknown}
 r - a potion of attraction {unknown}
 s - a potion of magic {unknown}
 u - a potion of might {unknown}


   Skills:
 + Level 5.1 Fighting
 - Level 2.4 Dodging
 * Level 5.7 Unarmed Combat


You had 4 spell levels left.
You didn't know any spells.
Your spell library was empty.

Dungeon Overview and Level Annotations

Branches:
Dungeon (3/15)

Altars:
Xom


Message History

The gnoll hits you from afar with a +0 spear.
You punch the gnoll!
The gnoll is severely wounded.
The gnoll closely misses you. x2
You hit the gnoll.
You kill the gnoll!
The gnoll hits you from afar with a +0 spear.
You hit the hobgoblin but do no damage.
The hobgoblin hits you but does no damage.
The gnoll closely misses you.
You punch the hobgoblin!
You kill the hobgoblin!
The gnoll hits you from afar with a +0 spear.
You hit the orc.
The orc is moderately wounded.
You barely miss the orc.
The orc is moderately wounded.
The orc hits you with a +0 whip.
The gnoll hits you from afar with a +0 spear.
You punch the orc!
You kill the orc!
The gnoll closely misses you.
You punch the frilled lizard!
You kill the frilled lizard!
The gnoll hits you from afar with a +0 spear.
* * * LOW HITPOINT WARNING * * *
The gnoll hits you with a +0 spear!
* * * LOW HITPOINT WARNING * * *
Items here: $ )))) ††.
You hit the gnoll.
The gnoll is lightly wounded.
The gnoll closely misses you.
You hit the gnoll.
The gnoll is moderately wounded.
The gnoll hits you with a +0 spear.
* * * LOW HITPOINT WARNING * * *
You hit the gnoll.
The gnoll is heavily wounded.
The gnoll hits you with a +0 spear.
You die...

#.##.........#
#.##.#.#.###.#
#.##.#.#.#
#####.##.#.#.#
.........#.#.#
.######.##.#.# #
#.##.#.#
#...##.##.#.###..
.........@........
.....##.##g###....
.... #.##.>...h..
... #.######h...
.. #.. .. . ###


You could see a gnoll.

Vanquished Creatures
  Jessica (D:2)
  7 gnolls (D:3)
  2 adders
  2 worms (D:2)
  2 dart slugs (D:2)
  2 orcs
  2 ball pythons
  A bat (D:1)
  3 endoplasms
  A giant cockroach (D:1)
  3 goblins
  3 hobgoblins
  4 jackals (D:3)
  4 kobolds
  A quokka (D:2)
  11 frilled lizards
  3 rats
52 creatures vanquished.

Notes
Turn   | Place    | Note
-------+----------+-------------------------------------------
     0 | D:1      | avis the Hill Orc Monk began the quest for the Orb.
     0 | D:1      | Reached XP level 1. HP: 19/19 MP: 1/1
   429 | D:1      | Found a faded altar of an unknown god.
   533 | D:1      | Reached XP level 2. HP: 27/27 MP: 2/2
  1237 | D:2      | Reached XP level 3. HP: 33/33 MP: 3/3
  1585 | D:2      | Noticed Jessica
  1596 | D:2      | Killed Jessica
  1597 | D:2      | Reached XP level 4. HP: 35/41 MP: 4/4
  1669 | D:2      | Found a shimmering altar of Xom.
  2101 | D:3      | Reached skill level 5 in Unarmed Combat
  2140 | D:3      | Reached XP level 5. HP: 14/47 MP: 5/5
  2143 | D:3      | HP: 1/47 [gnoll/+0 spear (5)]
  2406 | D:3      | Reached skill level 5 in Fighting
  2418 | D:3      | Slain by a gnoll

Illustrated notes

Levels and vault maps discovered:
D:1:      orjb1_lava_funnel, layout_basic, nicolae_ecumenical_lake_church
D:2:      layout_loops_ring, basic_altar, minmay_lizard_king, uniq_jessica
D:3:      layout_loops_ring, lemuel_round_altar, uniq_ijyb

Skill      XL: |  1  2  3  4  5 |
---------------+----------------+-----
Fighting       | 4 5 |  5.1
Unarmed Combat | 4 5 |  5.7
Dodging        | |  2.4

Action                     |  1- 3 |  4- 6 || total
---------------------------+-------+-------++-------
  Melee: Unarmed           |    46 |    52 ||    98
   Fire: Sling             |    51 |    33 ||    84
 Armour: Robe              |     4 |       ||     4
         Ring mail         |    16 |    43 ||    59
  Dodge: Dodged            |    21 |    29 ||    50

Table legend: (Time is in decaauts)
 A = Elapsed time spent in this place.
 B = Non-inter-level travel time spent in this place.
 C = Inter-level travel time spent in this place.
 D = Time resting spent in this place.
 E = Time spent auto-exploring this place.
 F = Levels seen in this place.
 G = Mean time per level.
                   A        B        C        D        E       F      G
               +--------+--------+--------+--------+--------+-----+--------+
         Total |   2438 |   2297 |    141 |    199 |   1577 |   3 |  812.7 |
       Dungeon |   2438 |   2297 |    141 |    199 |   1577 |   3 |  812.7 |
               +--------+--------+--------+--------+--------+-----+--------+

Top non-repeatable levels by time:
     D:1: 1082 daAuts
     D:2: 883 daAuts
     D:3: 472 daAuts
